 Dungeon Crawl Stone Soup version 0.23.1 (webtiles) character file.

Game seed: 15790338804928011421

277 Kniotic the Insei (level 6, -1/70 HPs)
             Began as a Demonspawn Monk on Mar 5, 2019.
             Succumbed to an orc wizard's poison
             ... on level 4 of the Dungeon.
             The game lasted 00:03:12 (2784 turns).

Kniotic the Insei (Demonspawn Monk)                 Turns: 2784, Time: 00:03:13

Health: -1/70      AC:  4    Str: 16    XL:     6   Next: 4%
Magic:  4/6        EV: 19    Int: 11    God:
Gold:   90         SH:  0    Dex: 23    Spells: 5/5 levels left

rFire    . . .     SeeInvis .     - Unarmed
rCold    . . .     Gourm    .   (no shield)
rNeg     . . .     Faith    .   a - +0 robe
rPois    .         Spirit   +   (helmet restricted)
rElec    .         Reflect  .   (no cloak)
rCorr    +         Harm     .   (no gloves)
MR       .....                  (no boots)
Stlth    ..........             f - amulet of guardian spirit
HPRegen  0.21/turn              h - ring of resist corrosion
MPRegen  0.10/turn              (no ring)

@: confused, agile, berserking, lethally poisoned (-1 -> -47), very quick
A: horns 1, yellow scales 1, powered by pain 2
a: no special abilities


You were on level 4 of the Dungeon.
You were not hungry.

You visited 1 branch of the dungeon, and saw 4 of its levels.

You collected 90 gold pieces.

Inventory:

Armour
 a - a +0 robe (worn)
Jewellery
 f - an amulet of guardian spirit (around neck)
 h - a ring of resist corrosion (left hand)
Scrolls
 c - 5 scrolls of teleportation {unknown}
 d - 3 scrolls of enchant weapon {unknown}
 k - 3 scrolls of magic mapping {unknown}
 n - 2 scrolls of immolation {unknown}
 p - a scroll of fog {unknown}
 q - a scroll of identify {unknown}
Potions
 j - a potion of ambrosia {unknown}
 m - a potion of resistance {unknown}
 o - a potion of lignification {unknown}
Comestibles
 b - 8 rations
 l - 2 chunks of flesh


   Skills:
 - Level 3.0 Fighting
 - Level 2.6 Dodging
 - Level 1.7 Stealth
 + Level 6.2 Unarmed Combat


You had 5 spell levels left.
You didn't know any spells.
Your spell library contained the following spells:

 Spells                   Type           Power        Failure   Level  Hunger
 Magic Dart               Conj           #...         34%         1    ##.....
 Blink                    Tloc           N/A          47%         2    ###....
 Call Imp                 Summ           #.......     47%         2    ###....
 Slow                     Hex            #.......     47%         2    ###....
 Conjure Flame            Conj/Fire      #.......     71%         3    ####...
 Mephitic Cloud           Conj/Pois/Air  #.......     71%         3    ####...


Dungeon Overview and Level Annotations

Branches:
Dungeon (4/15)
 Temple: D:4-7

Altars:
Hepliaklqana
Wu Jian


Innate Abilities, Weirdness & Mutations

You have a pair of small horns on your head.
You are partially covered in yellow scales. (AC +2)
You sometimes gain power by taking damage.


Message History

You feel very sick. Something hits you but does no damage.
You are more poisoned.
You barely miss something.
* * * LOW HITPOINT WARNING * * *
You feel sick. Something hits you.
You are more poisoned.
You are too berserk!
You closely miss something. You headbutt something!
Reactivating autopickup.
You have reached level 6!
Your experience leads to an increase in your attributes!
Your base attributes are Str 11, Int 11, Dex 17.
Increase (S)trength, (I)ntelligence, or (D)exterity?
You feel agile.
You feel a bit more experienced.
* * * LOW HITPOINT WARNING * * *
You feel very sick.
You're too confused to move!
You die...

#.# #.# #.# #.# ##.# #..#
### #.## ##o###.#
##.#@...#############
#.###).>รท......#.....
#.o####)#.#########...####
#.oo{....## #####
#...####### #


You could see an orc priest.

Vanquished Creatures
  2 hounds
  An orc priest (D:4)
  An orc wizard (D:4)
  4 adders
  4 oozes
  2 worms
  2 dart slugs (D:3)
  6 leopard geckos
  5 orcs (D:3)
  5 bats
  A giant cockroach (D:3)
  14 goblins
  9 hobgoblins
  8 jackals
  A quokka (D:2)
  A ball python (D:1)
  4 frilled lizards
  14 kobolds
  8 rats
  A plant (D:1)
93 creatures vanquished.

Notes
Turn   | Place    | Note
-------+----------+-------------------------------------------
     0 | D:1      | Kniotic the Demonspawn Monk began the quest for the Orb.
     0 | D:1      | Reached XP level 1. HP: 18/18 MP: 1/1
    64 | D:1      | Reached skill level 3 in Unarmed Combat
   263 | D:1      | Gained mutation: You are partially covered in yellow
                  | scales. (AC +2) [demonic ancestry]
   263 | D:1      | Reached XP level 2. HP: 18/24 MP: 2/2
   636 | D:1      | Gained mutation: You have a pair of small horns on your
                  | head. [demonic ancestry]
   636 | D:1      | Reached XP level 3. HP: 25/29 MP: 3/3
   657 | D:1      | Reached skill level 4 in Unarmed Combat
  1371 | D:2      | Gained mutation: You sometimes gain a little power by
                  | taking damage. [demonic ancestry]
  1371 | D:2      | Reached XP level 4. HP: 31/35 MP: 4/4
  1602 | D:2      | Found a faded altar of an unknown god.
  1783 | D:3      | Reached skill level 5 in Unarmed Combat
  1793 | D:3      | Gained mutation: You sometimes gain power by taking damage.
                  | [demonic ancestry]
  1793 | D:3      | Reached XP level 5. HP: 23/41 MP: 2/5
  2263 | D:3      | Found an ornate altar of the Wu Jian Council.
  2407 | D:3      | Found a hazy altar of Hepliaklqana.
  2771 | D:4      | Reached skill level 6 in Unarmed Combat
  2782 | D:4      | HP: 3/61 [poisoned by an orc wizard]
  2783 | D:4      | Reached XP level 6. HP: 3/47 MP: 4/6
  2783 | D:4      | HP: 1/70 [poisoned by an orc wizard]
  2784 | D:4      | Succumbed to an orc wizard's poison

Skill      XL: |  1  2  3  4  5 |
---------------+----------------+-----
Unarmed Combat | 3 4 5 6 |  6.2
Fighting       | |  3.0
Dodging        | |  2.6
Stealth        | |  1.7

Action                   |  1- 3 |  4- 6 || total
-------------------------+-------+-------++-------
Melee: Unarmed           |   166 |   145 ||   311
       Punch             |     2 |     1 ||     3
       Headbutt          |    14 |    26 ||    40
  Use: Potion            |       |     3 ||     3
 Stab: Sleeping          |     7 |     4 ||    11
  Eat: Chunk             |     2 |     4 ||     6
Armor: Robe              |    32 |    22 ||    54
Dodge: Dodged            |    86 |    86 ||   172
